 Dungeon Crawl Stone Soup version 0.29-a0-25-g7f48f510a0 (webtiles) character file.

Game seed: 10525740612180378180

259 bande the Skirmisher (level 6, -11/39 HPs)
             Began as a Gargoyle Fighter on Feb 1, 2022.
             Mangled by an ice beast (13 damage)
             ... on level 4 of the Dungeon.
             The game lasted 00:03:55 (1532 turns).

bande the Skirmisher (Gargoyle Fighter)             Turns: 1532, Time: 00:03:55

Health: -11/39     AC: 16    Str: 19    XL:     6   Next: 17%
Magic:  6/6        EV:  5    Int:  9    God:
Gold:   44         SH:  4    Dex: 11    Spells: 5/5 levels left

rFire   . . .      SeeInvis +   a - +0 war axe
rCold   . . .      Faith    .   c - +0 buckler
rNeg    + . .      Spirit   .   f - +0 plate armour
rPois   ∞          Reflect  .   (no helmet)
rElec   +          Harm     .   (no cloak)
rCorr   .          Rampage  .   (no gloves)
Will    .....                   (no boots)
Stlth   ..........              (no amulet)
HPRegen 0.13/turn               e - ring of see invisible
MPRegen 0.10/turn               (no ring)

@: slowed, very slow
A: sickness immunity, AC +4, negative energy resistance 1, electricity
resistance, torment resistance 1, petrification resistance
a: no special abilities


You were on level 4 of the Dungeon.
You visited 1 branch of the dungeon, and saw 3 of its levels.

You collected 44 gold pieces.

Inventory:

Hand Weapons
 a - a +0 war axe (weapon)
 g - a +0 flail
Armour
 c - a +0 buckler (worn)
 f - a +0 plate armour (worn)
Jewellery
 e - a ring of see invisible (left hand)
Scrolls
 i - a scroll of teleportation {unknown}
Potions
 b - a potion of berserk rage
 d - 3 potions of might
 j - a potion of mutation {unknown}


   Skills:
 + Level 4.5 Fighting
 + Level 4.2 Axes
 + Level 4.1 Armour
 + Level 4.0 Shields


You had 5 spell levels left.
You didn't know any spells.
Your spell library contained the following spells:

 Spells                   Type           Power      Damage    Failure   Level
 Gell's Gravitas          Tloc           0%         N/A       100%        3
 Lesser Beckoning         Tloc           0%         N/A       100%        3
 Teleport Other           Tloc           0%         N/A       100%        3
 Tukima's Dance           Hex            0%         N/A       100%        3
 Passage of Golubria      Tloc           0%         N/A       100%        4
 Yara's Violent Unravell  Hex/Tmut       0%         3d3       100%        5


Dungeon Overview and Level Annotations

Branches:
Dungeon (2/15)

Altars:
Fedhas

Annotations:
D:4 3 runed translucent doors, axecop's ghost, weakling HODe


Innate Abilities, Weirdness & Mutations

You are immune to sickness and miasma.
Your stone body is resilient. (AC +4)
You are immune to poison.
You resist negative energy. (rN+)
You are resistant to electric shocks. (rElec)
You are resistant to unholy torment.
You are immune to petrification.


Message History

Natasha hisses angrily.
Natasha casts a spell at you.
You feel yourself slow down.
An ice beast comes into view.
Natasha claws you but does no damage. Natasha claws you.
You hit Natasha but do no damage. Natasha claws you but does no damage.
You block Natasha's attack.
You hit the ice beast.
The ice beast is moderately wounded.
You barely miss Natasha.
The ice beast hits you but does no damage.
Natasha claws you but does no damage.
The ice beast hits you but does no damage.
Natasha claws you!
You barely miss Natasha. You barely miss the ice beast.
The ice beast hits you but does no damage.
Natasha claws you. The ice beast barely misses you. Natasha claws you.
You slash Natasha!
Natasha is severely wounded.
You hit the ice beast.
The ice beast hits you but does no damage.
Natasha claws you but does no damage.
The ice beast hits you but does no damage.
Natasha claws you but does no damage.
You closely miss Natasha.
Natasha is severely wounded.
You closely miss the ice beast.
The ice beast hits you but does no damage.
Natasha stares at you and mumbles some strange words.
You resist with some effort. The ice beast hits you. The ice beast freezes you!
Natasha casts a spell at you. The magic dart hits you!
* * * LOW HITPOINT WARNING * * *
You slash Natasha!
You kill Natasha!
You feel Natasha's spirit has finally been put to rest.
You barely miss the ice beast. The ice beast hits you.
* * * LOW HITPOINT WARNING * * *
The ice beast freezes you!
You die...

#.......# ##
#.......######## #.
+.......'....... #.
#.......#####.## # #.
#.......#####.## #. #.
##.............#
..##.#.###.............#
≈P.....Y....#########...
#..!@....# .KS...#..#
#..####..# ..#...#..# #.
#..#..#.#..+..# #
#..#.$.....+..#
...#.[#.#..+..#
...#...#...#..#
....#.......#...
##..###### . .


You could see an ice beast.

Vanquished Creatures
  A phantom (D:4)
  A bullfrog zombie (D:4)
  A bullfrog skeleton (D:4)
  An iguana (D:4)
  Natasha (thrice) (D:4)
  A worm (D:4)
  A dart slug (D:1)
  6 orcs (D:4)
  5 ball pythons
  3 endoplasms
  A giant cockroach (D:1)
  7 goblins
  7 hobgoblins
  3 bats (D:1)
  A frilled lizard (D:1)
  2 kobolds (D:1)
  3 rats
47 creatures vanquished.

Vanquished Creatures (others)
  2 fungi (D:4)
  9 plants (D:4)
11 creatures vanquished.

Grand Total: 58 creatures vanquished

Notes
Turn   | Place    | Note
-------+----------+-------------------------------------------
     0 | D:1      | bande the Gargoyle Fighter began the quest for the Orb.
     0 | D:1      | Reached XP level 1. HP: 14/14 MP: 1/1
   190 | D:1      | Reached XP level 2. HP: 18/19 MP: 2/2
   283 | D:1      | Found a faded altar of an unknown god.
   505 | D:1      | Reached XP level 3. HP: 20/24 MP: 3/3
   992 | D:2      | You fall into a shaft and drop 2 floors!
   996 | D:4      | Noticed Natasha
   997 | D:4      | Found a blossoming altar of Fedhas.
  1011 | D:4      | HP: 1/24 [iguana (6)]
  1015 | D:4      | Reached XP level 4. HP: 19/29 MP: 4/4
  1017 | D:4      | Noticed a phantom
  1021 | D:4      | Killed Natasha
  1025 | D:4      | HP: 2/43 [phantom (5)]
  1033 | D:4      | Killed a phantom
  1034 | D:4      | Reached XP level 5. HP: 4/34 MP: 5/5
  1034 | D:4      | HP: 2/51 [bullfrog skeleton (2)]
  1047 | D:4      | Reached XP level 6. HP: 5/39 MP: 6/6
  1252 | D:4      | Noticed Natasha
  1264 | D:4      | Killed Natasha
  1504 | D:4      | Found a runed translucent gate.
  1504 | D:4      | Found a runed translucent gate.
  1504 | D:4      | Found a runed translucent gate.
  1504 | D:4      | Noticed axecop's ghost (weakling HODe)
  1506 | D:4      | Noticed a water moccasin
  1523 | D:4      | Noticed Natasha
  1526 | D:4      | Noticed an ice beast
  1532 | D:4      | Killed Natasha
  1532 | D:4      | Mangled by an ice beast

Illustrated notes

Levels and vault maps discovered:
D:1:      tarquinn_simple_flora_water_f, layout_basic,
          ebering_ecumenical_altar_abandoned, minmay_misc_feat_tower,
          minmay_octomino_e4
D:2:      layout_loops_ring
D:4:      layout_basic, makhleb_heckhound_becter, mainiacjoe_overflow_alcove_3,
          fedhas_altar_3, gammafunk_ghost_split, minivault_5,
          guppyfry_early_lair_pool, uniq_natasha, uniq_eustachio, uniq_robin

Skill      XL: |  1  2  3  4  5 |
---------------+----------------+-----
Axes           | 2 3 4 |  4.2
Fighting       | 4 |  4.5
Armour         | 4 |  4.1
Shields        | 4 |  4.0

Action                   |  1- 3 |  4- 6 || total
-------------------------+-------+-------++-------
Melee: War axe           |    93 |    50 ||   143
  Use: Scroll            |     5 |     1 ||     6
       Potion            |     2 |     1 ||     3
Armor: Scale mail        |     5 |       ||     5
       Plate armour      |    95 |    37 ||   132
       Skin              |     2 |    17 ||    19
Dodge: Dodged            |    28 |    12 ||    40
Block: Buckler           |    31 |    10 ||    41

Table legend: (Time is in decaauts)
 A = Elapsed time spent in this place.
 B = Non-inter-level travel time spent in this place.
 C = Inter-level travel time spent in this place.
 D = Time resting spent in this place.
 E = Time spent auto-exploring this place.
 F = Levels seen in this place.
 G = Mean time per level.
                   A        B        C        D        E       F      G
               +--------+--------+--------+--------+--------+-----+--------+
         Total |   1607 |   1607 |      0 |    338 |    817 |   3 |  535.7 |
       Dungeon |   1607 |   1607 |      0 |    338 |    817 |   3 |  535.7 |
               +--------+--------+--------+--------+--------+-----+--------+

Top non-repeatable levels by time:
     D:1: 965 daAuts
     D:4: 584 daAuts
     D:2: 57 daAuts
